 Dungeon Crawl Stone Soup version 0.29.1-2-gbd0b4ee654 (webtiles) character file.

Game seed: 4112822006793358521

162 funnyparkerb the Cudgeller (level 5, -1/32 HPs)
             Began as a Gargoyle Fighter on Nov 1, 2022.
             Killed from afar by an orc wizard (9 damage)
             ... with a puff of flame
             ... on level 3 of the Dungeon.
             The game lasted 00:04:41 (3123 turns).

funnyparkerb the Cudgeller (Gargoyle Fighter)       Turns: 3123, Time: 00:04:42

Health: -1/32      AC: 14    Str: 22    XL:     5   Next: 43%
Magic:  5/5        EV:  7    Int: 14    God:
Gold:   171        SH:  0    Dex:  9    Spells: 4/4 levels left

rFire   . . .      SeeInvis .   a - +0 flail
rCold   . . .      Faith    .   c - +0 buckler
rNeg    + + .      Spirit   .   w - +0 chain mail
rPois   ∞          Reflect  .   (no helmet)
rElec   +          Harm     .   (no cloak)
rCorr   .          Rampage  .   (no gloves)
Will    .....                   l - +0 pair of boots
Stlth   ..........              (no amulet)
HPRegen 0.10/turn               t - ring of positive energy
MPRegen 0.09/turn               b - +6 ring of intelligence

@: confused
A: sickness immunity, AC +4, negative energy resistance 1, electricity
resistance, torment resistance 1, petrification resistance
a: no special abilities


You were on level 3 of the Dungeon.
You visited 1 branch of the dungeon, and saw 3 of its levels.

You collected 171 gold pieces.

Inventory:

Hand Weapons
 a - a +0 flail (weapon)
Missiles
 i - 2 atropa-tipped darts (quivered)
 u - a throwing net
Armour
 c - a +0 buckler (worn)
 l - a +0 pair of boots (worn)
 w - a +0 chain mail (worn)
Jewellery
 b - a +6 ring of intelligence (right hand)
 t - a ring of positive energy (left hand)
Scrolls
 e - a scroll of teleportation {unknown}
 f - 2 scrolls of identify {unknown}
 g - a scroll of vulnerability {unknown}
 h - a scroll of amnesia {unknown}
 k - a scroll of magic mapping {unknown}
 m - 2 scrolls of fear {unknown}
 n - a scroll of brand weapon {unknown}
 o - a scroll of enchant weapon {unknown}
 p - 2 scrolls of blinking {unknown}
 s - a scroll of noise {unknown}
Potions
 d - a potion of haste {unknown}
 j - a potion of curing {unknown}
 q - a potion of attraction
 r - a potion of flight {unknown}
 v - a potion of lignification {unknown}


   Skills:
 - Level 3.2 Fighting
 + Level 5.5 Maces & Flails
 - Level 3.2 Armour
 - Level 3.2 Shields


You had 4 spell levels left.
You didn't know any spells.
Your spell library was empty.

Dungeon Overview and Level Annotations

Branches:
Dungeon (3/15)

Altars:
Nemelex Xobeh

Shops:
D:2 ([[


Innate Abilities, Weirdness & Mutations

You are immune to sickness and miasma.
Your stone body is resilient. (AC +4)
You are immune to poison.
You resist negative energy. (rN+)
You are resistant to electric shocks. (rElec)
You are resistant to unholy torment.
You are immune to petrification.


Message History

You sock something!
Something hits you but does no damage. x2
An orc priest comes into view.
It is wielding a +0 war axe and wearing a +2 leather armour of fire resistance.
You barely miss something. Something hits you.
You barely miss something. Something hits you but does no damage.
You miss something. Something hits you but does no damage.
You closely miss something. Something hits you but does no damage.
You miss something.
You hear some strange, mumbled words.
A magic dart appears from out of thin air!
The magic dart hits you but does no damage.
You barely miss something. Something hits you but does no damage.
You barely miss something.
You hear some strange, mumbled words.
You are confused.
Something hits you but does no damage.
You bump into the rock wall.
You hear some strange, mumbled words.
Something tries to affect you, but you resist.
You bump into the rock wall.
Something hits you.
You bump into the rock wall.
The orc priest looks encouraged for a moment.
You hear some strange, mumbled words.
A magic dart appears from out of thin air!
The magic dart hits you but does no damage.
You closely miss something.
You hear some strange, mumbled words.
A puff of flame appears from out of thin air!
The puff of flame misses you.
The orc priest invokes the aid of Beogh against you.
Beogh smites you!
You hear a shout!
You closely miss something. Something hits you but does no damage.
The orc priest invokes the aid of Beogh against you.
Beogh smites you!
* * * LOW HITPOINT WARNING * * *
You bump into the rock wall.
You hear some strange, mumbled words.
A puff of flame appears from out of thin air!
The puff of flame hits you!
You die...

#.#.############
#.#.# #.#.#
#.#.. #.### #.#
#.# #.# #@# #{#
#o# #o#


.oo ### You could see an orc priest and 3 orcs.

Vanquished Creatures
  Jessica (D:2)
  3 adders (D:2)
  4 gnolls
  A worm (D:2)
  A dart slug (D:2)
  An orc (D:3)
  2 endoplasms
  4 giant cockroaches
  A hobgoblin (D:3)
  12 jackals
  A quokka (D:1)
  3 ball pythons
  4 bats
  6 frilled lizards
  5 goblins
  8 kobolds
  4 rats (D:2)
61 creatures vanquished.

Vanquished Creatures (others)
  2 plants (D:2)
2 creatures vanquished.

Grand Total: 63 creatures vanquished

Notes
Turn   | Place    | Note
-------+----------+-------------------------------------------
     0 | D:1      | funnyparkerb the Gargoyle Fighter began the quest for the
                  | Orb.
     0 | D:1      | Reached XP level 1. HP: 14/14 MP: 1/1
   365 | D:1      | Reached XP level 2. HP: 19/19 MP: 2/2
   634 | D:1      | Reached skill level 3 in Maces & Flails
   926 | D:2      | Reached XP level 3. HP: 19/23 MP: 3/3
   992 | D:2      | Found Ykuijel's Armour Shop.
  1276 | D:2      | Found Aceludah's Antique Weapon Emporium.
  1435 | D:2      | Reached skill level 4 in Maces & Flails
  1447 | D:2      | Noticed Jessica
  1477 | D:2      | Killed Jessica
  1478 | D:2      | Reached XP level 4. HP: 7/28 MP: 4/4
  1735 | D:2      | Found a faded altar of an unknown god.
  1907 | D:2      | Found Acoa's Armour Emporium.
  2458 | D:3      | Found a sparkling altar of Nemelex Xobeh.
  2517 | D:2      | Reached skill level 5 in Maces & Flails
  2517 | D:2      | Reached XP level 5. HP: 7/32 MP: 5/5
  3123 | D:3      | Killed from afar by an orc wizard

Illustrated notes

Levels and vault maps discovered:
D:1:      psy_arrival_heroes, layout_basic
D:2:      layout_basic, ebering_ecumenical_altar_petrified, serial_shops,
          nicolae_lakefront_shop, nicolae_shop_stone, nicolae_shop_statue_plus,
          lexackson_kobold_supper, uniq_jessica
D:3:      layout_basic, mainiacjoe_overflow_brackets,
          nemelex_xobeh_ov_fountains_minmay, skrybe_limestone_x, minmay_cut_off

Skill      XL: |  1  2  3  4 |
---------------+-------------+-----
Maces & Flails | 3 4 5 |  5.5
Fighting       | |  3.2
Armour         | |  3.2
Shields        | |  3.2

Action                   |  1- 3 |  4- 6 || total
-------------------------+-------+-------++-------
Melee: Flail             |   114 |   123 ||   237
Throw: Dart              |     3 |       ||     3
  Use: Potion            |     2 |       ||     2
Armor: Scale mail        |    75 |    48 ||   123
       Chain mail        |       |    18 ||    18
Dodge: Dodged            |    61 |    54 ||   115
Block: Buckler           |    20 |    19 ||    39
